 Dungeon Crawl Stone Soup version 0.31-a0-1363-g282adc679d (webtiles) character file.

Game seed: 9800349271943653441

556 James the Skirmisher (level 7, -3/52 HPs)
             Began as a Gnoll Wanderer on Dec 23, 2023.
             Slain by a gnoll
             ... wielding a +0 whip
              (4 damage)
             ... on level 5 of the Dungeon.
             The game lasted 00:19:07 (4491 turns).

James the Skirmisher (Gnoll Wanderer)               Turns: 4491, Time: 00:19:07

Health: -3/52      AC:  3    Str: 14    XL:     7   Next: 30%
Magic:  10/10      EV: 12    Int:  9    God:
Gold:   145        SH:  0    Dex: 13    Spells: 11/11 levels left

rFire   + . .        b - +3 spear "Haoput" {venom, +Blink rCorr}
rCold   . . .        (no shield)
rNeg    + . .        e - +0 leather armour
rPois   .            (helmet currently unavailable)
rElec   .            (cloak currently unavailable)
rCorr   +            (gloves currently unavailable)
SInv    .            (boots currently unavailable)
Will    .....        (no amulet)
Stlth   ++           i - ring of protection from fire
HPRegen 0.28/turn    r - ring of Foolhardiness {rN+ rCorr}
MPRegen 0.12/turn

%: no passive effects
@: beast-form
A: beast (slay +1), fangs 1, strong nose, distributed training
a: Begin Untransformation, Evoke Blink


You were on level 5 of the Dungeon.
You were a hulking beast.
You visited 1 branch of the dungeon, and saw 5 of its levels.

You collected 947 gold pieces.
You spent 802 gold pieces at shops.

Inventory:

Hand Weapons
 a - a +2 sling
 b - the +3 spear "Haoput" (weapon) {venom, +Blink rCorr}
   (You bought it in a shop on level 4 of the Dungeon)

   +Blink:    It lets you blink.
   rCorr:     It protects you from acid and corrosion.
 p - a +1 dagger of venom
   (You found it on level 3 of the Dungeon)
 I - a +0 dagger of protection
   (You took it off an orc wizard on level 4 of the Dungeon)
 N - a +0 spear
Missiles
 v - 7 poisoned darts
Armour
 e - a +0 leather armour (worn)
 f - a +0 ring mail
   (You found it on level 1 of the Dungeon)
 k - a +0 leather armour
   (You found it on level 2 of the Dungeon)
 l - a +0 leather armour
   (You took it off an orc on level 4 of the Dungeon)
 n - a +0 leather armour
   (You found it on level 3 of the Dungeon)
 o - a +0 robe
   (You found it on level 3 of the Dungeon)
 q - a +0 plate armour
   (You took it off an orc warrior on level 4 of the Dungeon)
 s - a +0 scale mail
   (You found it on level 3 of the Dungeon)
 u - a +0 leather armour
   (You found it on level 3 of the Dungeon)
 w - a +0 robe
   (You found it on level 3 of the Dungeon)
 y - a +0 ring mail
   (You found it on level 3 of the Dungeon)
 B - a +0 ring mail
   (You found it on level 4 of the Dungeon)
 C - a +0 leather armour
   (You found it on level 4 of the Dungeon)
 E - a +0 ring mail
   (You found it on level 4 of the Dungeon)
 H - a +0 robe
   (You took it off an orc wizard on level 4 of the Dungeon)
 J - a +0 robe
   (You took it off an orc on level 4 of the Dungeon)
 K - a +0 leather armour
   (You took it off an orc on level 4 of the Dungeon)
 M - a +0 robe
   (You found it on level 4 of the Dungeon)
 T - a +0 helmet
   (You found it on level 5 of the Dungeon)
Magical Staves
 z - a staff of cold
   (You found it on level 4 of the Dungeon)
Jewellery
 i - a ring of protection from fire (left hand)
   (You bought it in a shop on level 1 of the Dungeon)
 r - the ring of Foolhardiness (right hand) {rN+ rCorr}
   (You bought it in a shop on level 1 of the Dungeon)

   [ring of resist corrosion]

   rN+:       It protects you from negative energy.
   rCorr:     It protects you from acid and corrosion.
 U - a ring of fire
   (You found it on level 5 of the Dungeon)
Talismans
 A - a beast talisman (active)
   (You found it on level 4 of the Dungeon)
Wands
 t - a wand of flame (3) (quivered)
 S - a wand of polymorph (9)
   (You found it on level 5 of the Dungeon)
Scrolls
 c - a scroll of acquirement
 m - 2 scrolls of teleportation {@r4}
 D - a scroll of fog
 O - a scroll of amnesia {unknown}
 P - a scroll of poison {unknown}
Potions
 d - 2 potions of haste {@q3}
 g - a potion of resistance
 h - 3 potions of might
 j - 2 potions of enlightenment
 x - a potion of curing {@q1}
 F - 3 potions of degeneration {unknown}
 G - a potion of berserk rage {unknown}
 L - 2 potions of mutation {unknown}
 Q - a potion of attraction {unknown}
 R - a potion of invisibility {unknown}


   Skills:
 + Level 3.6 Fighting
 + Level 2.5 Short Blades
 + Level 2.5 Long Blades
 + Level 2.5 Axes
 + Level 2.5 Maces & Flails
 + Level 3.6 Polearms
 + Level 2.5 Staves
 + Level 8.9 Ranged Weapons
 + Level 2.5 Throwing
 + Level 3.6 Armour
 + Level 3.6 Dodging
 + Level 2.5 Stealth
 + Level 2.5 Shields
 + Level 2.5 Unarmed Combat
 + Level 2.5 Spellcasting
 + Level 2.0 Conjurations
 + Level 2.0 Hexes
 + Level 2.0 Summonings
 + Level 2.0 Necromancy
 + Level 2.0 Translocations
 + Level 2.0 Fire Magic
 + Level 2.0 Ice Magic
 + Level 2.0 Air Magic
 + Level 2.0 Earth Magic
 + Level 2.0 Alchemy
 + Level 2.8 Invocations
 + Level 5.2 Evocations
 + Level 2.2 Shapeshifting


You had 11 spell levels left.
You didn't know any spells.
Your spell library contained the following spells:

 Spells                   Type           Power      Damage    Failure   Level
 Blink                    Tloc           8%         N/A       26%         2
 Cigotuvi's Dreadful Rot  Necr/Alch/Air  8%         N/A       26%         2
 Lesser Beckoning         Tloc           8%         N/A       26%         2
 Momentum Strike          Conj/Tloc      8%         3d8       26%         2
 Dispel Undead            Necr           4%         3d7       86%         4
 Death Channel            Necr           2%         N/A       100%        6


Dungeon Overview and Level Annotations

Branches:
Dungeon (5/15)
 Temple: D:4-7

Altars:
Sif Muna
Vehumet

Shops:
D:1 *   D:4 ***(*

Annotations:
D:3 3 runed translucent doors, haldagan's ghost, amateur DEHu


Innate Abilities, Weirdness & Mutations

You are a hulking beast.
Your limbs bulge with bestial killing power. (Slay +1)
You have very sharp teeth.
Your uncanny sense of smell can sniff out nearby items.
Your experience applies equally to all skills.


Message History

The gnoll misses you.
You closely miss the gnoll. The orc hits you but does no damage.
The gnoll hits you with a +0 flail!
* * * LOW HITPOINT WARNING * * *
You closely miss the gnoll. The orc barely misses you.
The gnoll barely misses you.
You closely miss the gnoll. The orc hits you with a +0 dagger.
* * * LOW HITPOINT WARNING * * *
The gnoll misses you.
Okay, then.
Unknown command.
Okay, then.
Press: ? - help, Shift-Dir - straight line, f - orc priest
Aim: an orc priest, wielding a +0 club (will become a rat, a jelly, or a warg, chance to affect: 62%)
Okay, then.
Unknown command.
The orc closely misses you. The gnoll barely misses you.
You climb downwards.
The gnoll hits you with a +0 club.
* * * LOW HITPOINT WARNING * * *
The gnoll barely misses you.
There is a stone staircase leading up here.
You closely miss the gnoll. You punch the gnoll.
The gnoll hits you with a +0 whip!
* * * LOW HITPOINT WARNING * * *
The gnoll barely misses you. The orc completely misses you.
The gnoll hits you with a +0 flail!
* * * LOW HITPOINT WARNING * * *
Okay, then.
Unknown command.
Okay, then.
Unknown command.
Okay, then.
Unknown command.
You feel better. The gnoll completely misses you. The gnoll barely misses you.
The gnoll hits you with a +0 flail.
* * * LOW HITPOINT WARNING * * *
The orc hits you with a +0 dagger.
* * * LOW HITPOINT WARNING * * *
You puncture the gnoll!
You kill the gnoll!
The gnoll barely misses you. The gnoll hits you with a +0 whip.
* * * LOW HITPOINT WARNING * * *
The orc closely misses you.
You hit the gnoll.
The gnoll is poisoned.
The gnoll barely misses you. x2
The orc completely misses you.
You puncture the gnoll!
The gnoll looks as sick as possible!
The gnoll hits you with a +0 club.
* * * LOW HITPOINT WARNING * * *
The gnoll hits you with a +0 whip.
You die...

.##.......
[.........
........#
#......##
###......|#
..........#
#....g..#
#.>)h.#
#..og##
#...## ####


You could see 2 gnolls and an orc.

Vanquished Creatures
  An orc warrior (D:4)
  2 scorpions (D:4)
  3 hounds (D:4)
  2 iguanas (D:4)
  An orc wizard (D:4)
  A gnoll (D:5)
  10 adders
  2 dart slugs
  7 orcs (D:4)
  2 bats
  6 endoplasms
  3 giant cockroaches
  5 goblins
  12 hobgoblins
  2 jackals
  8 kobolds
  4 quokkas
  4 ball pythons
  A frilled lizard (D:1)
  4 rats
80 creatures vanquished.

Notes
Turn   | Place    | Note
-------+----------+-------------------------------------------
     0 | D:1      | James the Gnoll Wanderer began the quest for the Orb.
     0 | D:1      | James set off with the following items: a +2 sling, a +0
                  | spear, a potion of haste {@q3}, a +0 leather armour, a wand
                  | of flame (5).
     0 | D:1      | Reached XP level 1. HP: 17/17 MP: 1/1
    65 | D:1      | Found Uwiquck's Assorted Antiques.
   116 | D:1      | Reached XP level 2. HP: 23/23 MP: 2/2
   659 | D:2      | Reached XP level 3. HP: 28/28 MP: 3/3
   694 | D:2      | Reached skill level 1 in Invocations
   824 | D:2      | Reached skill level 1 in Short Blades
   824 | D:2      | Reached skill level 1 in Long Blades
   824 | D:2      | Reached skill level 1 in Axes
   824 | D:2      | Reached skill level 1 in Maces & Flails
   824 | D:2      | Reached skill level 1 in Staves
   824 | D:2      | Reached skill level 1 in Throwing
   824 | D:2      | Reached skill level 1 in Stealth
   824 | D:2      | Reached skill level 1 in Shields
   824 | D:2      | Reached skill level 1 in Unarmed Combat
   824 | D:2      | Reached skill level 1 in Spellcasting
  1333 | D:3      | Reached skill level 1 in Shapeshifting
  1333 | D:3      | Reached XP level 4. HP: 33/34 MP: 5/5
  1350 | D:3      | Found a faded altar of an unknown god.
  1354 | D:3      | Found a radiant altar of Vehumet.
  1471 | D:3      | Found a shimmering blue altar of Sif Muna.
  1543 | D:1      | Bought a pitted pewter ring for 145 gold pieces
  1543 | D:1      | Identified the ring of Foolhardiness {rN+ rCorr} (You
                  | bought it in a shop on level 1 of the Dungeon)
  1709 | D:3      | Reached skill level 1 in Conjurations
  1709 | D:3      | Reached skill level 1 in Hexes
  1709 | D:3      | Reached skill level 1 in Summonings
  1709 | D:3      | Reached skill level 1 in Necromancy
  1709 | D:3      | Reached skill level 1 in Translocations
  1709 | D:3      | Reached skill level 1 in Fire Magic
  1709 | D:3      | Reached skill level 1 in Ice Magic
  1709 | D:3      | Reached skill level 1 in Air Magic
  1709 | D:3      | Reached skill level 1 in Earth Magic
  1709 | D:3      | Reached skill level 1 in Alchemy
  1747 | D:3      | Found a runed translucent gate.
  1747 | D:3      | Found a runed translucent gate.
  1747 | D:3      | Found a runed translucent gate.
  1750 | D:3      | Noticed haldagan's ghost (amateur DEHu)
  1752 | D:3      | Identified the +7 sling "Vakh" {elec, rPois rF- rCorr}
  1856 | D:3      | Found a faded altar of an unknown god.
  2242 | D:1      | Bought a scroll labelled QIAN HUIRUTE for 29 gold pieces
  2293 | D:4      | Identified 2 scrolls of acquirement
  2567 | D:4      | Acquired 663 gold pieces
  2609 | D:1      | Bought an inky potion for 26 gold pieces
  2609 | D:1      | Bought a brown potion for 26 gold pieces
  2609 | D:1      | Bought 2 inky potions for 52 gold pieces
  2609 | D:1      | Bought a scroll of identify for 58 gold pieces
  2609 | D:1      | Bought a copper ring for 145 gold pieces
  2609 | D:1      | Bought an inky potion for 26 gold pieces
  2666 | D:4      | Noticed a scorpion
  2692 | D:4      | Killed a scorpion
  2693 | D:4      | Reached XP level 5. HP: 35/41 MP: 5/7
  2948 | D:4      | Reached XP level 6. HP: 35/47 MP: 8/8
  3154 | D:4      | Noticed an orc warrior
  3192 | D:4      | Reached skill level 5 in Evocations
  3488 | D:4      | Found Vunipn's Weapon Shop.
  3728 | D:4      | Found Inal's General Store.
  3773 | D:4      | Found Durphyic's General Store.
  3951 | D:4      | Found Voisaxt's Assorted Antiques.
  3993 | D:4      | Killed an orc warrior
  3994 | D:4      | Reached XP level 7. HP: 14/52 MP: 10/10
  4166 | D:4      | Found Esuazxy's Assorted Antiques.
  4274 | D:4      | Bought an ancient spear for 192 gold pieces
  4274 | D:4      | Identified the +3 spear "Haoput" {venom, +Blink rCorr} (You
                  | bought it in a shop on level 4 of the Dungeon)
  4288 | D:4      | Bought a scroll labelled YRAFAM WIHEEK for 22 gold pieces
  4288 | D:4      | Bought a scroll labelled ARUWOJUSMAPLO for 22 gold pieces
  4288 | D:4      | Bought a fuming grey potion for 19 gold pieces
  4288 | D:4      | Bought a fuming grey potion for 19 gold pieces
  4301 | D:4      | Bought an orange potion for 21 gold pieces
  4325 | D:5      | Entered Level 5 of the Dungeon
  4487 | D:5      | HP: 1/52 [gnoll/+0 flail (9)]
  4491 | D:5      | Slain by a gnoll

Illustrated notes

Levels and vault maps discovered:
D:1:      saegor_arrival_simple_b, layout_basic, serial_shops, shop
D:2:      layout_loops_ring
D:3:      layout_rooms, mainiacjoe_overflow_cross_hatched,
          nicolae_overflow_ecumenical_swirl,
          shapermc_ecumenical_altar_flowoftime, biasface_ghost_orc_armoury,
          hex_medium, st_stairs_9, minmay_misc_feat_x,
          minmay_goblin_kobold_house
D:4:      layout_loops_ring, serial_shops, shop, shop, kennysheep_mini_moat,
          shop, shop_statue, minmay_mini_jars
D:5:      layout_rooms, uniq_duvessa

Skill      XL: |  1  2  3  4  5  6 |
---------------+-------------------+-----
Invocations    | 1 2 |  2.8
Short Blades   | 1 2 |  2.5
Long Blades    | 1 2 |  2.5
Axes           | 1 2 |  2.5
Maces & Flails | 1 2 |  2.5
Staves         | 1 2 |  2.5
Throwing       | 1 2 |  2.5
Stealth        | 1 2 |  2.5
Shields        | 1 2 |  2.5
Unarmed Combat | 1 2 |  2.5
Spellcasting   | 1 2 |  2.5
Shapeshifting  | 1 2 |  2.2
Conjurations   | 1 2 |  2.0
Hexes          | 1 2 |  2.0
Summonings     | 1 2 |  2.0
Necromancy     | 1 2 |  2.0
Translocations | 1 2 |  2.0
Fire Magic     | 1 2 |  2.0
Ice Magic      | 1 2 |  2.0
Air Magic      | 1 2 |  2.0
Earth Magic    | 1 2 |  2.0
Alchemy        | 1 2 |  2.0
Fighting       | 3 |  3.6
Polearms       | 3 |  3.6
Armour         | 3 |  3.6
Dodging        | 3 |  3.6
Evocations     | 5 |  5.2
Ranged Weapons | |  8.9

Action                     |  1- 3 |  4- 6 |  7- 9 || total
---------------------------+-------+-------+-------++-------
  Melee: Spear             |    40 |   152 |    11 ||   203
         Bite              |     2 |    18 |     1 ||    21
         Punch             |       |     5 |     1 ||     6
   Fire: Sling             |    62 |    77 |    11 ||   150
  Evoke: Wand              |       |     2 |       ||     2
    Use: Scroll            |       |    12 |       ||    12
         Potion            |       |     5 |     1 ||     6
   Stab: Sleeping          |       |     1 |       ||     1
 Armour: Leather armour    |    20 |    76 |    24 ||   120
  Dodge: Dodged            |    38 |    88 |    26 ||   152
   Form: Beast             |       |     1 |       ||     1

Table legend: (Time is in decaauts)
 A = Elapsed time spent in this place.
 B = Non-inter-level travel time spent in this place.
 C = Inter-level travel time spent in this place.
 D = Time resting spent in this place.
 E = Time spent auto-exploring this place.
 F = Levels seen in this place.
 G = Mean time per level.
                   A        B        C        D        E       F      G
               +--------+--------+--------+--------+--------+-----+--------+
         Total |   4454 |   3834 |    620 |    874 |   1978 |   5 |  890.8 |
       Dungeon |   4454 |   3834 |    620 |    874 |   1978 |   5 |  890.8 |
               +--------+--------+--------+--------+--------+-----+--------+

Top non-repeatable levels by time:
     D:4: 1894 daAuts
     D:3: 1008 daAuts
     D:2: 989 daAuts
     D:1: 473 daAuts
     D:5: 88 daAuts
